 Dungeon Crawl Stone Soup version 0.28-a0-465-ge2dae52223 (webtiles) character file.

Game seed: 1701732533270753193

6638 robertstho the Thaumaturge (level 11, -6/76 HPs)
             Began as a Djinni Fire Elementalist on Sept 14, 2021.
             Was an Initiate of Gozag.
             Mangled by an eight-headed hydra (15 damage)
             ... on level 10 of the Dungeon.
             The game lasted 00:14:42 (12939 turns).

robertstho the Thaumaturge (DjFE)                  Turns: 12939, Time: 00:14:43

Health: -6/76      AC:  3    Str:  7    XL:     11   Next: 22%
Gold:   1957       EV: 13    Int: 19    God:    Gozag SH:  4 Dex: 15

rFire   + + .      SeeInvis .   d - +4 spear (venom)
rCold   x . .      Faith    .   f - +0 buckler
rNeg    . . .      Spirit   .   a - +0 robe
rPois   ∞          Reflect  .   h - +0 helmet
rElec   .          Harm     .   (no cloak)
rCorr   .          Rampage  .   (no gloves)
Will    +....                   (boots unavailable)
Stlth   +++.......              (no amulet)
HPRegen 0.22/turn               (no ring)
MPRegen 0.00/turn               (no ring)

@: gold aura, flying
A: sickness immunity, fire resistance 2, cold vulnerability 1, float, innate
caster, hp casting, extra vitality 1
a: Renounce Religion, Potion Petition, Call Merchant, Bribe Branch


You were on level 10 of the Dungeon.
You worshipped Gozag.
Gozag was most pleased with you.
You visited 2 branches of the dungeon, and saw 11 of its levels.

You collected 2372 gold pieces.
You spent 375 gold pieces at shops.
You paid 40 gold pieces to Gozag.

Inventory:

Hand Weapons
 d - a +4 spear of venom (weapon)
 k - a +0 war axe
Armour
 a - a +0 robe (worn)
 f - a +0 buckler (worn)
 h - a +0 helmet (worn)
Wands
 g - a wand of polymorph (23)
Scrolls
 b - 5 scrolls of immolation {unknown}
 e - 3 scrolls of vulnerability {unknown}
 m - 4 scrolls of fog
 n - 2 scrolls of silence {unknown}
 o - 5 scrolls of teleportation
 p - a scroll of brand weapon
 t - a scroll of enchant armour
 u - a scroll of blinking
 v - 2 scrolls of fear
 w - 2 scrolls of identify
Potions
 c - a potion of haste
 i - 4 potions of lignification {unknown}
 j - 2 potions of brilliance {unknown}
 l - 2 potions of flight {unknown}
 q - a potion of berserk rage {unknown}
 r - a potion of heal wounds {unknown}
 s - a potion of mutation
 x - a potion of curing


   Skills:
 * Level 6.1 Fighting
 + Level 1.7 Polearms
 + Level 4.5 Dodging
 + Level 4.1 Stealth
 + Level 0.7 Shields
 + Level 0.3 Unarmed Combat
 * Level 10.9 Spellcasting


You had 4 spell levels left.
You knew the following spells:

 Your Spells              Type           Power      Damage    Failure   Level
a - Foxfire               Conj/Fire      100%       2x1d9     1%          1
b - Scorch                Fire           100%       2d10      1%          2
c - Conjure Flame         Conj/Fire      51%        6-21      1%          3
d - Inner Flame           Hex/Fire       51%        N/A       1%          3
e - Flame Wave            Conj/Fire      51%        3d10      1%          4
f - Freeze                Ice            100%       1d11      1%          1
g - Static Discharge      Conj/Air       51%        N/A       1%          2
h - Stone Arrow           Conj/Erth      100%       3d13      1%          3
i - Mephitic Cloud        Conj/Pois/Air  51%        N/A       1%          3
j - Blade Hands           Tmut           25%        N/A       3%          5
Your spell library was empty.

Dungeon Overview and Level Annotations

Branches:
Dungeon (10/15)            Temple (1/1) D:4
   Lair: D:8-11         Orc: D:9-12

Altars:
Ashenzari
Cheibriados
Dithmenos
Elyvilon
Fedhas
Gozag
Hepliaklqana
Kikubaaqudgha
Makhleb
Nemelex Xobeh
Okawaru
Qazlal
Ru
Sif Muna
Vehumet
Wu Jian
Xom
Zin

Shops:
D:4 (

Annotations:
D:7 3 runed translucent doors, Dittersdorf's ghost, novice GrFi


Innate Abilities, Weirdness & Mutations

You are immune to sickness and miasma.
You are immune to poison.
Your flesh is very heat resistant. (rF++)
You are vulnerable to cold. (rC-)
You float through the air rather than walking.
You learn spells naturally, not from books.
Your magical power is your life essence.
You have superior vitality. (+4 HP)


Message History

The flame wave engulfs the orc!
You kill the orc! (Press . to intensify the flame waves.)
You hear a shout! x2; You hear a bellow!
You hear a shout!
A wave of flame ripples out!
You hear a shout!
An orc comes into view. It is wielding a +0 hand axe.
A wave of flame ripples out!
The flame wave engulfs the orc!!
You kill the orc!
The flame wave engulfs the eight-headed hydra!
The eight-headed hydra is moderately wounded.
The flame wave engulfs the orc!
You kill the orc!
You finish channelling waves of flame.
You hear two shouts!
Casting: Flame Wave (dangerous; 1% risk of failure)
Confirm with . or Enter, or press ? or * to list all spells.
Casting: Flame Wave (dangerous; 1% risk of failure)
Press: ? - help, Dir - look around, f - activate A wave of flame ripples out!
The flame wave engulfs the eight-headed hydra!!
The eight-headed hydra is heavily wounded. (Press . to intensify the flame waves.)
The eight-headed hydra closely misses you.
The eight-headed hydra barely misses you.
The eight-headed hydra bites you! x3
You block the eight-headed hydra's attack.
The eight-headed hydra misses you. The eight-headed hydra bites you!
* * * LOW HITPOINT WARNING * * *
An orc comes into view. It is wielding a +0 dagger.
A wave of flame ripples out!
The flame wave engulfs the eight-headed hydra!
The eight-headed hydra is almost dead.
* * * LOW HITPOINT WARNING * * *
You hear a shout!
You hear a bellow!
You hear a shout!
The eight-headed hydra bites you.
* * * LOW HITPOINT WARNING * * *
The eight-headed hydra bites you!
You die...
Your body crumbles into a pile of gold.

##.....## #.......#
#.......# #.......#
#......## #.....<.##
######
#........######......
#...................o
#.....)######@$...o#
#.#....# #...$D.....#
#.#.##.. #.#.$...#..#
# #. ##... ....$.# ##
#. ...........#
.#....###... ....
.... ...#.. $.#... $


You could see an eight-headed hydra and 2 orcs.

Vanquished Creatures
  2 two-headed ogres
  Joseph (D:9)
  A gargoyle (D:7)
  A troll (D:8)
  A meliai zombie (D:10)
  A shadow (D:10)
  3 yaks (D:8)
  A steam dragon (D:8)
  A water moccasin (D:8)
  2 orc warriors (D:9)
  2 necrophages
  A sky beast (D:6)
  An ice beast (D:8)
  3 ogres
  6 centaurs
  2 phantoms
  3 kobold brigands
  6 bullfrogs
  2 gnoll sergeants
  A wyvern zombie (D:6)
  A scorpion (D:6)
  8 killer bees
  2 bullfrog zombies
  A bullfrog skeleton (D:7)
  2 centaur zombies (D:9)
  3 hounds
  A jelly (D:4)
  A centaur skeleton (D:7)
  2 orc priests
  3 iguanas (D:5)
  Terence (D:2)
  9 orc wizards
  Natasha (D:3)
  A howler monkey zombie (D:5)
  6 adders
  A shadow imp (D:7)
  2 white imps
  An ufetubus (D:7)
  A worm (D:5)
  2 dart slugs (D:2)
  27 orcs
  3 ball pythons
  4 endoplasms
  4 giant cockroaches
  12 goblins
  7 hobgoblins
  2 jackals (D:2)
  3 quokkas
  5 bats
  3 frilled lizards
  19 kobolds
  8 rats
187 creatures vanquished.

Vanquished Creatures (others)
  616 foxfires
  8 fungi (D:10)
  17 plants (D:10)
641 creatures vanquished.

Grand Total: 828 creatures vanquished

Notes
Turn   | Place    | Note
-------+----------+-------------------------------------------
     0 | D:1      | robertstho the Djinni Fire Elementalist began the quest for
                  | the Orb.
     0 | D:1      | Reached XP level 1. HP: 15/15 MP: 0/0
   707 | D:1      | Reached XP level 2. HP: 18/21 MP: 0/0
  1498 | D:2      | Reached skill level 3 in Spellcasting
  1578 | D:2      | Reached XP level 3. HP: 23/26 MP: 0/0
  1578 | D:2      | Learned a level 1 spell: Freeze
  2238 | D:2      | Noticed Terence
  2245 | D:2      | Killed Terence
  2246 | D:2      | Reached XP level 4. HP: 13/31 MP: 0/0
  3319 | D:3      | Noticed an ogre
  3346 | D:3      | Reached skill level 1 in Fighting
  3346 | D:3      | Reached XP level 5. HP: 15/37 MP: 0/0
  3346 | D:3      | Learned a level 2 spell: Static Discharge
  3347 | D:3      | Killed an ogre
  3348 | D:3      | Reached skill level 4 in Spellcasting
  3889 | D:3      | Reached XP level 6. HP: 40/42 MP: 0/0
  3924 | D:3      | Noticed Natasha
  3928 | D:3      | Killed Natasha
  4218 | D:4      | Found Avigin's Antique Weapon Shop.
  4423 | D:4      | Found a glowing silver altar of Zin.
  4425 | D:4      | Found a shadowy altar of Dithmenos.
  4425 | D:4      | Found a burning altar of Makhleb.
  4615 | D:4      | Reached skill level 5 in Spellcasting
  4615 | D:4      | Reached XP level 7. HP: 41/47 MP: 0/0
  4615 | D:4      | Learned a level 3 spell: Stone Arrow
  4991 | D:4      | Found a staircase to the Ecumenical Temple.
  5003 | Temple   | Entered the Ecumenical Temple
  5007 | Temple   | Became a worshipper of Gozag Ym Sagoz the Greedy
  5125 | D:4      | Found an iron altar of Okawaru.
  5329 | D:5      | Entered Level 5 of the Dungeon
  5756 | D:5      | HP: 2/48 [iguana (8)]
  6309 | D:5      | Reached skill level 6 in Spellcasting
  6363 | D:6      | Reached XP level 8. HP: 50/54 MP: 0/0
  7084 | D:6      | Reached skill level 7 in Spellcasting
  7213 | D:6      | Found Godov's Magic Scroll Emporium.
  7221 | D:6      | Reached XP level 9. HP: 8/61 MP: 0/0
  7221 | D:6      | Learned a level 3 spell: Mephitic Cloud
  7493 | D:6      | Bought a scroll of blinking for 75 gold pieces
  7493 | D:6      | Bought 3 scrolls of amnesia for 105 gold pieces
  7493 | D:6      | Bought 3 scrolls of teleportation for 90 gold pieces
  7493 | D:6      | Bought a scroll of fog for 20 gold pieces
  7493 | D:6      | Bought a scroll of identify for 20 gold pieces
  7493 | D:6      | Bought a scroll of fear for 35 gold pieces
  7493 | D:6      | Bought a scroll of identify for 20 gold pieces
  7493 | D:6      | Bought a scroll of noise for 10 gold pieces
  7495 | D:6      | Identified a scroll of acquirement
  7768 | D:4      | Acquired 1069 gold pieces
  7879 | D:7      | Reached skill level 8 in Spellcasting
  8791 | D:7      | Noticed a gargoyle
  9207 | D:7      | Found a runed translucent gate.
  9207 | D:7      | Found a runed translucent gate.
  9209 | D:7      | Found a runed translucent gate.
  9209 | D:7      | Noticed Dittersdorf's ghost (novice GrFi)
  9419 | D:7      | Killed a gargoyle
  9829 | D:8      | Reached skill level 1 in Polearms
  9829 | D:8      | Reached skill level 9 in Spellcasting
  9829 | D:8      | Reached XP level 10. HP: 55/69 MP: 0/0
 10129 | D:8      | Noticed a two-headed ogre
 10138 | D:8      | Killed a two-headed ogre
 10139 | D:8      | Reached skill level 5 in Fighting
 11010 | D:9      | Reached skill level 10 in Spellcasting
 11134 | D:9      | Noticed a two-headed ogre
 11142 | D:9      | Killed a two-headed ogre
 11200 | D:9      | Noticed Joseph
 11218 | D:9      | Killed Joseph
 11219 | D:9      | Reached XP level 11. HP: 22/76 MP: 0/0
 11219 | D:9      | Learned a level 5 spell: Blade Hands
 12660 | D:10     | Entered Level 10 of the Dungeon
 12931 | D:10     | Noticed an eight-headed hydra
 12939 | D:10     | Mangled by an eight-headed hydra

Illustrated notes

Levels and vault maps discovered:
D:1:      nicolae_arrival_somewhat_less_tricky_arrival, layout_loops_corners
D:2:      layout_loops_ring, uniq_terence
D:3:      minmay_evil_eye, layout_rooms, vehumet_crystals, minmay_ogre_servants,
          uniq_natasha
D:4:      minmay_spotlight, layout_loops_ring, lemuel_coloured_pillars_altar,
          gammafunk_temple_overflow_forgotten, minmay_temple_entry_poolview,
          serial_shops, nicolae_shop_competitors_out_of_business,
          amcnicky_mini_pool_small
D:5:      layout_loops_ring
D:6:      layout_rooms, kennysheep_windowed_goal
D:7:      layout_basic, ebering_ghost_rock_garden
D:8:      layout_basic, minmay_misc_feat_diagonals, minmay_chambers_of_fives
D:9:      layout_rooms, uniq_joseph
D:10:     hangedman_cross_cluster, layout_rooms, lightli_temple_of_fire,
          grunt_lair_entry_orc_guard_hut, minmay_orc_entry_temple_small
Temple:   nicolae_temple_x_marks_the_god

Skill      XL: |  1  2  3  4  5  6  7  8  9 10 11 |
---------------+----------------------------------+-----
Spellcasting   | 3 4 5 6 7 9 10 | 10.9
Fighting       | 1 2 3 4 5 6 |  6.1
Stealth        | 2 3 4 |  4.1
Dodging        | 3 4 |  4.5
Polearms       | 1 |  1.7
Shields        | |  0.7
Unarmed Combat | |  0.3

Action                   |  1- 3 |  4- 6 |  7- 9 | 10-12 || total
-------------------------+-------+-------+-------+-------++-------
Melee: Unarmed           |     3 |     5 |    12 |       ||    20
       Spear             |       |       |    30 |     7 ||    37
 Cast: Foxfire           |    74 |    80 |   110 |   107 ||   371
       Scorch            |     4 |    24 |    54 |    12 ||    94
       Stone Arrow       |       |       |     6 |     7 ||    13
       Flame Wave        |       |       |     7 |    14 ||    21
  Use: Potion            |       |       |     2 |       ||     2
       Scroll            |       |       |     8 |       ||     8
 Stab: Sleeping          |       |       |     3 |       ||     3
Armor: Robe              |     3 |     4 |    19 |     6 ||    32
Dodge: Dodged            |     6 |    11 |    55 |    35 ||   107
Block: Buckler           |       |       |     7 |    12 ||    19

Table legend: (Time is in decaauts)
 A = Elapsed time spent in this place.
 B = Non-inter-level travel time spent in this place.
 C = Inter-level travel time spent in this place.
 D = Time resting spent in this place.
 E = Time spent auto-exploring this place.
 F = Levels seen in this place.
 G = Mean time per level.
                   A        B        C        D        E       F      G
               +--------+--------+--------+--------+--------+-----+--------+
         Total |  12947 |  12525 |    422 |   1045 |  10248 |  11 | 1177.0 |
       Dungeon |  12938 |  12520 |    418 |   1045 |  10248 |  10 | 1293.8 |
        Temple |      8 |      4 |      4 |      0 |      0 |   1 |    8.0 |
               +--------+--------+--------+--------+--------+-----+--------+

Top non-repeatable levels by time:
     D:8: 2099 daAuts
     D:7: 1660 daAuts
     D:2: 1658 daAuts
     D:5: 1430 daAuts
     D:4: 1337 daAuts
     D:1: 1273 daAuts
     D:9: 1100 daAuts
     D:3: 1080 daAuts
     D:6: 1018 daAuts
    D:10: 279 daAuts
  Temple: 8 daAuts
